 Dungeon Crawl Stone Soup version 0.18.1-6-gd335043 (webtiles) character file.

9121 Helmschank the Basher (level 11, -5/120 HPs)
             Began as an Ogre Wanderer on May 15, 2016.
             Was a Believer of Okawaru.
             Slain by a komodo dragon (25 damage)
             ... on level 2 of the Lair of Beasts on May 16, 2016.
             The game lasted 01:24:49 (18766 turns).

Helmschank the Basher (Ogre Wanderer)              Turns: 18766, Time: 01:24:49

Health: -5/120     AC:  9    Str: 18    XL:     11   Next: 41%
Magic:  11/11      EV: 13    Int: 13    God:    Okawaru [**....]
Gold:   528        SH:  0    Dex: 11    Spells: 0 memorised, 10 levels left

rFire  . . .     SeeInvis .     a - +2 morningstar
rCold  . . .     Gourm    .     U - +2 troll leather armour
rNeg   . . .     Faith    .     (no shield)
rPois  +         Spirit   .     (helmet restricted)
rElec  .         Dismiss  .     m - +1 cloak
rCorr  +         Reflect  .     (gloves unavailable)
SustAt .         Harm     .     (boots unavailable)
MR     +....                    (no amulet)
Stlth  +.........               p - ring of resist corrosion
                                X - ring of poison resistance

@: somewhat resistant to hostile enchantments, very unstealthy
A: unfitting armour, hooves 1, tough skin 1
a: Heroism, Renounce Religion


You were on level 2 of the Lair of Beasts.
You worshipped Okawaru.
Okawaru was pleased with you.
You were very hungry.

You visited 3 branches of the dungeon, and saw 12 of its levels.
You also visited: Sewer.

You collected 528 gold pieces.

Inventory:

Hand Weapons
 a - a +2 morningstar (weapon)
 b - a +0 blowgun
 e - a +1 flail
 o - a +2 short sword
 u - a +1 dagger of freezing
 w - a +1 giant spiked club of freezing
 F - a +1 falchion of electrocution
 L - a +2 flail of holy wrath
Missiles
 s - 39 poisoned needles
 M - 3 tomahawks (quivered)
 R - 267 stones
 Z - 3 silver tomahawks
Armour
 c - a +0 robe
 m - a +1 cloak (worn)
 U - a +2 troll leather armour (worn)
Jewellery
 p - a ring of resist corrosion (right hand)
 X - a ring of poison resistance (left hand)
Wands
 i - a wand of random effects (20/48)
 j - a wand of flame (21/48)
 q - a wand of teleportation (4/9)
 t - a wand of digging (15/24)
 v - a wand of flame (13/48)
 y - a wand of disintegration (15/24)
 z - a wand of flame (10/48)
 K - a wand of teleportation (0/9)
Scrolls
 f - 4 scrolls of recharging
 g - 4 scrolls of amnesia
 h - 3 scrolls of remove curse
 n - a scroll of magic mapping
 A - 2 scrolls of identify
 C - 2 scrolls of fog
 D - 2 scrolls of immolation
 E - 6 scrolls of teleportation
 I - a scroll of blinking
Potions
 k - 3 potions of flight
 l - a potion of might
 r - 2 potions of brilliance
 x - 3 potions of magic
 B - 2 potions of ambrosia
 H - 2 potions of lignification
 J - 3 potions of heal wounds
 P - a potion of haste
Comestibles
 d - 8 bread rations
 S - 8 slices of pizza
 T - a beef jerky
 W - 4 meat rations


   Skills:
 + Level 11.2 Fighting
 - Level 1.2 Short Blades
   Level 1.3(6.0) Axes
 * Level 14.7(14.8) Maces & Flails
 - Level 2.7 Throwing
 + Level 1.4 Armour
 - Level 8.3 Dodging
 - Level 1.0 Evocations


You had 10 spell levels left.
You didn't know any spells.

Dungeon Overview and Level Annotations

Branches:
Dungeon (9/15)             Temple (1/1) D:4            Lair (2/8) D:9
    Orc: D:9-12

Altars:
Ashenzari
Cheibriados
Dithmenos
Elyvilon
Fedhas
Gozag
Kikubaaqudgha
Makhleb
Nemelex Xobeh
Okawaru
Pakellas
Qazlal
Ru
Sif Muna
Trog
Vehumet
Xom
Yredelemnul
Zin
The Shining One
Lugonu

Shops:
D:9 %


Innate Abilities, Weirdness & Mutations

You are too large for most types of armour.
You have tough skin (AC +1).
You have large cloven feet.


Message History

Press: ? - help, Shift-Dir - straight line, f - komodo dragon
Aim: a komodo dragon (heavily wounded, chance to defeat MR: 50%)
The komodo dragon resists with significant effort.
This wand has 15 charges left.
The komodo dragon bites you!!
* * * LOW HITPOINT WARNING * * *
You take 20 damage, and have 16/120 hp.
Drink which item? (? for menu, Esc to quit)
You feel much better.
The komodo dragon bites you but does no damage.
You regained 20 hp, and now have 36/120 hp.
Evoke which item? (* to show all) (? for menu, Esc to quit)
Zapping:
K - a wand of teleportation (1/9)
Press: ? - help, Shift-Dir - straight line, f/p - komodo dragon
Aim: a komodo dragon (heavily wounded, chance to defeat MR: 37%)
The komodo dragon easily resists.
This wand has 0 charges left.
The komodo dragon bites you!!
* * * LOW HITPOINT WARNING * * *
You take 17 damage, and have 19/120 hp.
The komodo dragon bites you!!
You die...

#.........Y...# ##..............#
..............###...............#
.........##P(..#####...........##
......######Y..## #...........#
....### #...Y...# ##.........##
...# ##....#.## ##.#....### ..>
###...##..# ####...# #.....†Yl.##
##.## ##.....##P@.### ###
##......P##..#P#
#.......###....#### ###......##
###.###P## #........# ##......#
##.......# ##......## #
#P......#####.......# ########
#.........##....^_..###.#.....
#......####..........##.......


You could see a komodo dragon and a yak.

Vanquished Creatures
  Joseph (D:8)
  2 komodo dragons
  A troll (D:9)
  A two-headed ogre (D:9)
  Grinder (D:6)
  7 yaks
  Eustachio (D:5)
  A spriggan (D:8)
  2 wyverns (D:9)
  2 hungry ghosts (D:8)
  A hippogriff (Lair:1)
  Menkaure (D:6)
  A water moccasin (Lair:1)
  3 porcupines (Lair:1)
  2 sky beasts
  A black bear (D:7)
  4 orc warriors
  3 phantoms
  5 ogres
  A crocodile (Lair:1)
  4 centaurs
  4 big kobolds
  6 giant frogs
  3 scorpions
  6 killer bees
  4 wights
  An electric eel (Lair:1)
  A howler monkey (D:6)
  3 crimson imps
  2 giant frog zombies
  3 centaur zombies
  9 orc priests
  12 orc wizards
  A giant frog skeleton (D:7)
  5 hounds
  A jelly (D:9)
  Crazy Yiuf (D:4)
  4 centaur skeletons
  3 iguanas
  4 worker ants
  A killer bee zombie (D:8)
  A hound zombie (D:7)
  A worker ant zombie (D:5)
  16 gnolls
  A howler monkey skeleton (D:6)
  14 adders
  8 river rats
  2 shadow imps
  4 oozes
  2 adder zombies
  4 adder skeletons
  5 worms
  7 dart slugs
  8 giant geckos
  32 orcs
  2 ball pythons
  8 bats
  6 giant cockroaches
  10 goblins
  8 hobgoblins
  3 jackals (D:9)
  24 kobolds
  4 quokkas
  A giant cockroach zombie (D:6)
  8 giant newts
  A quokka zombie (D:9)
  9 rats
308 creatures vanquished.

Vanquished Creatures (others)
  A plant (Lair:1)
1 creature vanquished.

Grand Total: 309 creatures vanquished

Notes
Turn   | Place    | Note
--------------------------------------------------------------
     0 | D:1      | Helmschank the Ogre Wanderer began the quest for the Orb.
     0 | D:1      | Helmschank set off with: a +2 short sword, a scroll of teleportation, a +0 robe, a bread ration
     0 | D:1      | Reached XP level 1. HP: 19/19 MP: 1/1
   154 | D:1      | Reached XP level 2. HP: 22/28 MP: 2/2
   647 | D:1      | Reached XP level 3. HP: 35/35 MP: 3/3
  1957 | D:2      | Reached XP level 4. HP: 33/44 MP: 4/4
  2184 | D:2      | Noticed Crazy Yiuf
  3055 | D:3      | Reached skill level 1 in Maces & Flails
  3153 | D:3      | Found a sparkling altar of Nemelex Xobeh.
  3288 | D:3      | Found a blossoming altar of Fedhas.
  3289 | D:3      | Found a basalt altar of Yredelemnul.
  3363 | D:3      | Found an oddly glowing altar of Pakellas.
  3438 | D:3      | Noticed a centaur
  3456 | D:3      | Killed a centaur
  3456 | D:3      | Reached skill level 2 in Maces & Flails
  3456 | D:3      | Reached XP level 5. HP: 13/54 MP: 5/5
  4047 | D:3      | Reached skill level 3 in Maces & Flails
  4931 | D:4      | Killed Crazy Yiuf
  4931 | D:4      | Reached XP level 6. HP: 45/62 MP: 6/6
  4995 | D:4      | Found a staircase to the Ecumenical Temple.
  5038 | Temple   | Entered the Ecumenical Temple
  5145 | D:4      | Reached skill level 4 in Maces & Flails
  5185 | D:4      | Found a glowing drain.
  5220 | Sewer    | Entered a sewer
  5733 | Sewer    | Reached skill level 5 in Maces & Flails
  5830 | Sewer    | Reached XP level 7. HP: 58/71 MP: 7/7
  6143 | D:4      | Reached skill level 5 in Fighting
  6423 | D:5      | Entered Level 5 of the Dungeon
  6429 | D:5      | Reached skill level 6 in Maces & Flails
  6612 | D:5      | Noticed Eustachio
  7092 | D:5      | Reached skill level 7 in Maces & Flails
  7092 | D:5      | Reached XP level 8. HP: 25/83 MP: 8/8
  7524 | D:5      | Killed Eustachio
  7843 | D:5      | Reached skill level 8 in Maces & Flails
  8194 | D:4      | Reached skill level 5 in Dodging
  8580 | D:5      | Reached skill level 9 in Maces & Flails
  9375 | D:6      | Reached XP level 9. HP: 92/93 MP: 9/9
  9651 | D:6      | Noticed Grinder
  9654 | D:6      | Paralysed by Grinder for 3 turns
  9727 | D:6      | Paralysed by Grinder for 6 turns
  9737 | D:6      | Killed Grinder
  9737 | D:6      | Reached skill level 10 in Maces & Flails
 10025 | D:6      | Noticed Menkaure
 10190 | D:6      | Killed Menkaure
 10380 | D:6      | Found a shimmering altar of Xom.
 10386 | D:6      | Found a burning altar of Makhleb.
 10391 | D:6      | Found an ancient bone altar of Kikubaaqudgha.
 10397 | D:6      | Found a shadowy altar of Dithmenos.
 10401 | D:6      | Found an opulent altar of Gozag.
 10410 | D:6      | Found a stormy altar of Qazlal.
 10418 | D:6      | Found a radiant altar of Vehumet.
 10552 | D:6      | Found a snail-covered altar of Cheibriados.
 10748 | D:7      | Reached skill level 11 in Maces & Flails
 11561 | D:6      | HP: 6/147 [poisoned by a killer bee]
 11567 | D:6      | HP: 4/147 [poisoned by a killer bee]
 11572 | D:6      | HP: 3/147 [poisoned by a killer bee]
 11577 | D:6      | HP: 2/98 [poisoned by a killer bee]
 12507 | D:7      | Reached XP level 10. HP: 55/107 MP: 10/10
 12896 | D:7      | Reached skill level 12 in Maces & Flails
 14017 | D:8      | Found a shattered altar of Ashenzari.
 14228 | D:8      | Noticed Joseph
 14251 | D:8      | Killed Joseph
 15629 | D:8      | Reached skill level 10 in Fighting
 15682 | D:8      | Reached skill level 13 in Maces & Flails
 16520 | D:9      | Found an iron altar of Okawaru.
 16543 | D:9      | Became a worshipper of Warmaster Okawaru
 16760 | D:9      | Reached XP level 11. HP: 117/119 MP: 11/11
 16811 | D:9      | Reached * piety under Okawaru
 16815 | D:9      | Reached skill level 14 in Maces & Flails
 17371 | D:9      | Found Aceqiaje's Food Shop.
 17435 | D:9      | Found a staircase to the Lair.
 17589 | D:9      | Found a glowing silver altar of Zin.
 17680 | Lair:1   | Entered Level 1 of the Lair of Beasts
 17728 | Lair:1   | Found a radiant altar of Vehumet.
 18147 | Lair:1   | Reached skill level 1 in Armour
 18309 | Lair:1   | Gained mutation: You have large cloven feet. [potion of beneficial mutation]
 18580 | Lair:2   | Found a basalt altar of Yredelemnul.
 18756 | Lair:2   | Reached ** piety under Okawaru
 18766 | Lair:2   | Slain by a komodo dragon

Skill      XL: |  1  2  3  4  5  6  7  8  9 10 11 |
---------------+----------------------------------+-----
Throwing       | 2 |  2.7
Fighting       | 2 3 4 5 7 9 10 11 | 11.2
Maces & Flails | 2 3 5 7 9 11 13 14 | 14.7
Dodging        | 3 4 5 6 8 |  8.3
Armour         | 1 |  1.4
Short Blades   | |  1.2
Axes           | |  1.3
Evocations     | |  1.0

Action                   |  1- 3 |  4- 6 |  7- 9 | 10-12 || total
-------------------------+-------+-------+-------+-------++-------
Melee: Short sword       |   124 |   103 |       |       ||   227
       Flail             |       |   100 |    97 |       ||   197
       Morningstar       |       |       |   290 |   452 ||   742
       Kick              |       |       |       |     7 ||     7
 Fire: Blowgun           |       |    14 |    50 |       ||    64
Throw: Stone             |    78 |    41 |    33 |    26 ||   178
       Tomahawk          |       |    50 |    69 |    63 ||   182
Evoke: Wand              |       |     1 |     1 |     7 ||     9
  Use: Scroll            |       |    13 |     9 |     9 ||    31
       Potion            |       |     1 |     9 |     2 ||    12
 Stab: Sleeping          |       |       |       |     1 ||     1
  Eat: Chunk             |     3 |    13 |    18 |    12 ||    46
       Beef jerky        |       |       |     1 |     1 ||     2
       Meat ration       |       |       |     1 |       ||     1
       Bread ration      |       |       |       |     2 ||     2
Armor: Robe              |    21 |    57 |   132 |    43 ||   253
       Troll leather arm |       |       |       |    45 ||    45
Dodge: Dodged            |    56 |    94 |   257 |   187 ||   594
